 Dungeon Crawl Stone Soup version 0.29-a0-1030-gf5f8719cae (webtiles) character file.

Game seed: 850856661453993580

7176 Draxus42 the Cleaver (level 11, -6/99 HPs)
             Began as a Hill Orc Fighter on Aug 14, 2022.
             Was a Believer of Trog.
             Mangled by an ogre
             ... wielding a +0 giant club
             ... led by Lodul
              (29 damage)
             ... on level 9 of the Dungeon.
             The game lasted 02:04:10 (8460 turns).

Draxus42 the Cleaver (Hill Orc Fighter)             Turns: 8460, Time: 02:04:10

Health: -6/99      AC: 18    Str: 30    XL:     11   Next: 11%
Magic:  11/11      EV:  8    Int:  8    God:    Trog [**....]
Gold:   166        SH:  0    Dex: 16    Spells: 10/10 levels left

rFire   + . .      SeeInvis .   O - +8 frozen axe "Frostbite" {freezing cloud, *Noise Fly rC+}
rCold   + + .      Faith    .   (shield currently unavailable)
rNeg    . . .      Spirit   .   h - +0 plate armour
rPois   .          Reflect  .   s - +0 helmet
rElec   .          Harm     .   E - scarf {rC+ rF+}
rCorr   .          Rampage  .   J - +0 pair of gloves
Will    ++...                   M - +0 pair of boots
Stlth   ..........              k - amulet of regeneration
HPRegen 2.06/turn               f - +6 ring of strength
MPRegen 0.12/turn               w - +6 ring of dexterity

@: strong-willed, flying, regenerating
A: no striking features
a: Renounce Religion, Berserk, Trog's Hand


You were on level 9 of the Dungeon.
You worshipped Trog.
Trog was pleased with you.
You visited 2 branches of the dungeon, and saw 11 of its levels.

You collected 872 gold pieces.
You spent 706 gold pieces at shops.

Inventory:

Hand Weapons
 a - a +9 war axe
 r - a +1 vorpal spear
 H - a +5 great sword
 O - the +8 frozen axe "Frostbite" (weapon) {freezing cloud, *Noise Fly rC+}
   (You bought it in a shop on level 7 of the Dungeon)

   It freezes those it strikes, dealing additional cold damage.
   It can also slow down cold-blooded creatures.
   It occasionally leaves clouds of freezing vapour upon striking a foe.
   It grants immunity to clouds of freezing vapour.
   rC:        It protects you from cold.
   Fly:       It grants you flight.
   *Noise:    It may make noises in combat.
 T - a +9 war axe of freezing
Missiles
 b - 28 poisoned darts (quivered)
 t - 14 boomerangs
 G - a silver boomerang
 R - 4 curare-tipped darts
Armour
 c - a +0 buckler
 h - a +0 plate armour (worn)
 i - a +0 chain mail
 s - a +0 helmet (worn)
 E - a scarf of resistance (worn)
 J - a +0 pair of gloves (worn)
 K - a +0 hat of see invisible
 M - a +0 pair of boots (worn)
 N - a +0 cloak
Jewellery
 f - a +6 ring of strength (left hand)
 k - an amulet of regeneration (around neck)
 w - a +6 ring of dexterity (right hand)
 z - a ring of see invisible
 A - a ring of fire
 C - a +6 ring of dexterity
Wands
 e - a wand of mindburst (5)
 y - a wand of polymorph (11)
 B - a wand of paralysis (7)
Scrolls
 d - 8 scrolls of enchant weapon
 m - 15 scrolls of fog
Potions
 g - 5 potions of flight
 j - a potion of resistance
 l - 2 potions of berserk rage
 n - 3 potions of curing
 o - a potion of ambrosia
 p - 2 potions of haste
 q - a potion of attraction
 D - 4 potions of might
 F - 3 potions of magic
 L - a potion of invisibility
 S - a potion of brilliance


   Skills:
 + Level 9.8 Fighting
 * Level 13.8 Axes
 + Level 8.9 Armour
 - Level 0.1 Dodging
 + Level 9.0 Shields


You had 10 spell levels left.
You didn't know any spells.
Your spell library contained the following spells:

 Spells                   Type           Power      Damage    Failure   Level
 Foxfire                  Conj/Fire      0%         2x1d4     97%         1
 Necrotise                Necr           0%         1d4       97%         1
 Poisonous Vapours        Pois/Air       0%         N/A       99%         2
 Static Discharge         Conj/Air       0%         3-3/arc   99%         2
 Conjure Flame            Conj/Fire      0%         6-21      100%        3
 Inner Flame              Hex/Fire       0%         N/A       100%        3
 Ozocubu's Armour         Ice            0%         N/A       100%        3
 Vampiric Draining        Necr           0%         2d6       100%        3
 Corpse Rot               Necr/Pois/Air  0%         N/A       100%        4
 Dispel Undead            Necr           0%         3d6       100%        4
 Flame Wave               Conj/Fire      0%         2d4       100%        4
 Sticky Flame             Conj/Fire      0%         2d3       100%        4
 Summon Ice Beast         Ice/Summ       0%         N/A       100%        4
 Agony                    Necr           0%         N/A       100%        5
 Metabolic Englaciation   Hex/Ice        0%         N/A       100%        5
 Summon Mana Viper        Hex/Summ       0%         N/A       100%        5
 Simulacrum               Ice/Necr       0%         N/A       100%        6
 Monstrous Menagerie      Summ           0%         N/A       100%        7


Dungeon Overview and Level Annotations

Branches:
Dungeon (10/15)            Temple (1/1) D:6            Lair (0/5) D:10
    Orc: D:9-12

Altars:
Ashenzari
Cheibriados
Dithmenos
Elyvilon
Fedhas
Gozag
Hepliaklqana
Kikubaaqudgha
Makhleb
Nemelex Xobeh
Okawaru
Qazlal
Ru
Sif Muna
Trog
Uskayaw
Vehumet
Xom
Yredelemnul
Zin
The Shining One

Shops:
D:7 *

Annotations:
D:10 Lodul


Message History

Aiming: Polymorph
Press: ? - help, Shift-Dir - straight line, f - ogre, p - Lodul
Aim: an ogre, wielding a +0 giant club (will become a water moccasin, a tengu, or a hog, chance to affect: 49%)
Okay, then.
Unknown command.
Throw: 30 darts (poison)
Press: ? - help, Q - select action, (/) - cycle Shift-Dir - straight line, f - ogre, p - Lodul
Aim: an ogre, wielding a +0 giant club (77% to hit)
You throw a poisoned dart. The poisoned dart hits the ogre.
Throw: 29 darts (poison)
Press: ? - help, Q - select action, (/) - cycle Shift-Dir - straight line, f/p - ogre
Aim: an ogre, wielding a +0 giant club (77% to hit)
You throw a poisoned dart. The poisoned dart hits the ogre.
The ogre is poisoned.
An ogre comes into view. It is wielding a +0 giant club. x2
You closely miss the ogre.
The ogre shouts!
You hear a shout!
The ogre hits you with a +0 giant club!
You dice the ogre like an onion!!! You freeze the ogre.
You kill the ogre!
Trog accepts your kill.
An ogre comes into view. It is wielding a +0 giant club.
Electricity crackles from Lodul's apparatus.
The bolt of lightning hits you.
The ogre hits you with a +0 giant club! x2
The ogre hits you with a +0 giant spiked club.
Electricity crackles from Lodul's apparatus.
The bolt of lightning misses you.
You fly upwards.
There is a stone staircase leading down here.
Unknown command.
Your skin crawls.
You feel strong-willed. The ogre attacks as you move away!
The ogre hits you with a +0 giant club! x2
The ogre attacks as you move away!
The ogre hits you with a +0 giant spiked club!!
* * * LOW HITPOINT WARNING * * *
The ogre attacks as you move away!
The ogre hits you with a +0 giant club!!
You die...

......# ############
.....># #..........#
......# #..........#
......# #..........#
......# #..........#
......# #..........#
......####..........#
......'.##.....OO...#
......#..'.....O@...#
......####..........#
###'### ########'###
....# #.# .#### #.#
'##### #.# .....# #.#
†....# #.# .....#
###.#


You could see 3 ogres.

Vanquished Creatures
  Gastronok (D:9)
  A kobold demonologist (D:9)
  2 trolls
  2 hornets
  Grinder (D:4)
  3 yaks (D:9)
  2 steam dragons
  An acid dragon (D:8)
  A water moccasin (D:6)
  2 sky beasts (D:6)
  An orc warrior (D:8)
  2 black bears
  4 ice beasts
  3 ogres
  2 centaurs
  A phantom (D:5)
  5 kobold brigands
  4 bullfrogs
  5 necrophages
  2 scorpions
  14 wights
  2 howler monkeys
  3 orc priests
  3 jellies
  3 iguanas
  3 orc wizards
  A hound skeleton (D:4)
  Robin (D:3)
  10 adders
  10 gnolls
  A shadow imp (D:7)
  A white imp (D:7)
  4 ufetubi
  5 worms
  3 dart slugs
  27 orcs
  3 bats (D:1)
  7 endoplasms
  5 giant cockroaches
  13 goblins
  8 hobgoblins
  3 jackals (D:1)
  6 quokkas
  6 ball pythons
  3 frilled lizards
  30 kobolds
  3 rats
223 creatures vanquished.

Vanquished Creatures (others)
  2 withered plants (D:5)
2 creatures vanquished.

Grand Total: 225 creatures vanquished

Notes
Turn   | Place    | Note
-------+----------+-------------------------------------------
     0 | D:1      | Draxus42 the Hill Orc Fighter began the quest for the Orb.
     0 | D:1      | Reached XP level 1. HP: 19/19 MP: 1/1
   612 | D:1      | Reached XP level 2. HP: 23/27 MP: 2/2
   689 | D:1      | Found a faded altar of an unknown god.
  1208 | D:1      | Reached XP level 3. HP: 32/33 MP: 3/3
  1486 | D:2      | Reached skill level 3 in Axes
  1934 | D:2      | Reached XP level 4. HP: 40/40 MP: 4/4
  1995 | D:3      | Noticed an ice beast
  2020 | D:3      | Killed an ice beast
  2021 | D:3      | Reached skill level 4 in Axes
  2021 | D:3      | Reached XP level 5. HP: 31/47 MP: 5/5
  2129 | D:3      | Reached skill level 5 in Axes
  2129 | D:3      | Reached XP level 6. HP: 49/55 MP: 6/6
  2152 | D:3      | Noticed Robin
  2167 | D:3      | Killed Robin
  2227 | D:3      | Reached skill level 5 in Fighting
  2855 | D:4      | Found an ancient bone altar of Kikubaaqudgha.
  2961 | D:4      | Reached skill level 6 in Axes
  2961 | D:4      | Reached XP level 7. HP: 61/61 MP: 7/7
  3068 | D:4      | Reached skill level 5 in Shields
  3296 | D:4      | Noticed Grinder
  3341 | D:4      | Killed Grinder
  3342 | D:4      | Reached skill level 7 in Axes
  3342 | D:4      | Reached skill level 5 in Armour
  3379 | D:4      | Found a burning altar of Makhleb.
  3402 | D:4      | Reached XP level 8. HP: 69/70 MP: 8/8
  3462 | D:4      | Found a white marble altar of Elyvilon.
  3672 | D:4      | Reached skill level 8 in Axes
  4116 | D:5      | Entered Level 5 of the Dungeon
  4187 | D:5      | Found a basalt altar of Yredelemnul.
  4603 | D:5      | Found a glowing silver altar of Zin.
  4603 | D:5      | Found a stormy altar of Qazlal.
  5158 | D:6      | Found a staircase to the Ecumenical Temple.
  5171 | Temple   | Entered the Ecumenical Temple
  5394 | Temple   | Became a worshipper of Trog the Wrathful
  5434 | D:6      | Reached skill level 9 in Axes
  5539 | D:6      | Reached XP level 9. HP: 79/79 MP: 9/9
  5541 | D:6      | Noticed a troll
  5636 | D:6      | Killed a troll
  5751 | D:6      | Reached skill level 10 in Axes
  5796 | D:6      | Reached * piety under Trog
  6204 | D:7      | Noticed a hornet
  6216 | D:7      | Killed a hornet
  6217 | D:7      | Reached skill level 11 in Axes
  6341 | D:7      | Found an iron altar of Okawaru.
  6423 | D:7      | Reached ** piety under Trog
  6467 | D:7      | Found Gofam's Lightly-Used Armoury.
  6484 | D:7      | Reached XP level 10. HP: 82/88 MP: 10/10
  6900 | D:7      | Bought the +8 frozen axe "Frostbite" {freezing cloud,
                  | *Noise Fly rC+} for 706 gold pieces
  6900 | D:7      | Found the +8 frozen axe "Frostbite" {freezing cloud, *Noise
                  | Fly rC+}
  6956 | D:8      | Found a blossoming altar of Fedhas.
  7311 | D:8      | Reached skill level 12 in Axes
  7765 | D:9      | Noticed Gastronok
  7778 | D:9      | Killed Gastronok
  7779 | D:9      | Reached skill level 13 in Axes
  7881 | D:9      | Noticed a kobold demonologist
  7892 | D:9      | Killed a kobold demonologist
  8108 | D:9      | Reached XP level 11. HP: 97/97 MP: 11/11
  8451 | D:10     | Entered Level 10 of the Dungeon
  8451 | D:10     | Noticed Lodul
  8451 | D:10     | Found a staircase to the Lair.
  8455 | D:10     | Reached *** piety under Trog
  8460 | D:9      | Mangled by an ogre

Illustrated notes

Levels and vault maps discovered:
D:1:      scummos_arrival_checkerplants, layout_loops_cross,
          hellmonk_ecumenical_altar_slurped_away, hangedman_decor_push,
          st_stairs_8
D:2:      layout_basic, kennysheep_potato
D:3:      layout_loops_ring, uniq_robin
D:4:      kennysheep_spiral_hall, layout_loops_ring,
          makhleb_blood_cavern_becter, nicolae_kikubaaqudgha_miasma_corner,
          nicolae_elyvilon_peaceful_grove, grunt_decor_cap,
          minmay_quadrilaterals, uniq_grinder
D:5:      layout_loops_corners, mainiacjoe_overflow_divided_tiny,
          yredelemnul_altar_generic, serial_glass, glass_columns_a,
          glass_columns_c, corexii_corridor_pit
D:6:      layout_cave_pools, temple_green, kennysheep_opposing_triangles
D:7:      layout_basic, lemuel_coloured_pillars_altar, grunt_ministairs_13,
          minmay_holes, minmay_shop_damaged
D:8:      layout_cave_pods, fedhas_altar_1
D:9:      layout_roguey, serial_glass, glass_columns_c, glass_columns_b,
          feat_on_display, uniq_gastronok
D:10:     layout_stronghold, nicolae_wu_jian_wuxing_cycle, lair_entry_dummy,
          minmay_starry_boxes, uniq_lodul
Temple:   nicolae_temple_god_jail

Skill      XL: |  1  2  3  4  5  6  7  8  9 10 11 |
---------------+----------------------------------+-----
Fighting       | 4 5 6 7 8 9 |  9.8
Axes           | 3 4 5 6 7 9 11 13 | 13.8
Shields        | 4 5 6 7 8 9 |  9.0
Armour         | 4 5 6 7 8 |  8.9
Dodging        | |  0.1

Action                   |  1- 3 |  4- 6 |  7- 9 | 10-12 || total
-------------------------+-------+-------+-------+-------++-------
Melee: War axe           |   119 |   139 |   279 |    17 ||   554
       Executioner's axe |       |       |       |    67 ||    67
Throw: Boomerang         |       |       |     4 |       ||     4
       Dart              |       |       |    25 |     9 ||    34
Invok: Trog's Hand       |       |       |       |     3 ||     3
       Berserk           |       |       |       |     1 ||     1
Evoke: Wand              |       |     2 |     4 |     1 ||     7
  Use: Scroll            |       |     3 |     8 |     4 ||    15
       Potion            |       |     1 |     3 |     1 ||     5
 Stab: Paralysed         |       |       |     2 |       ||     2
Armor: Leather armour    |    19 |       |       |       ||    19
       Chain mail        |    28 |    72 |   104 |    44 ||   248
       Plate armour      |       |       |       |    15 ||    15
Dodge: Dodged            |    60 |    52 |   100 |    41 ||   253
Block: Buckler           |    27 |    32 |    60 |     7 ||   126

Table legend: (Time is in decaauts)
 A = Elapsed time spent in this place.
 B = Non-inter-level travel time spent in this place.
 C = Inter-level travel time spent in this place.
 D = Time resting spent in this place.
 E = Time spent auto-exploring this place.
 F = Levels seen in this place.
 G = Mean time per level.
                   A        B        C        D        E       F      G
               +--------+--------+--------+--------+--------+-----+--------+
         Total |   8572 |   8323 |    249 |    957 |   3607 |  11 |  779.3 |
       Dungeon |   8336 |   8087 |    249 |    957 |   3554 |  10 |  833.6 |
        Temple |    235 |    235 |      0 |      0 |     53 |   1 |  235.0 |
               +--------+--------+--------+--------+--------+-----+--------+

Top non-repeatable levels by time:
     D:1: 1501 daAuts
     D:4: 1313 daAuts
     D:5: 957 daAuts
     D:3: 889 daAuts
     D:8: 871 daAuts
     D:6: 837 daAuts
     D:9: 756 daAuts
     D:7: 697 daAuts
     D:2: 505 daAuts
  Temple: 235 daAuts
    D:10: 6 daAuts
